 Dungeon Crawl Stone Soup version 0.27-a0-1579-g97d2440184 (webtiles) character file.

Game seed: 9755656746504569333

69 freelancePsychic the Skirmisher (level 4, -1/35 HPs)
             Began as a Human Wanderer on July 18, 2021.
             Slain by a white imp (4 damage)
             ... on level 3 of the Dungeon.
             The game lasted 00:02:43 (2448 turns).

freelancePsychic the Skirmisher (Human Wanderer)    Turns: 2448, Time: 00:02:43

Health: -1/35      AC:  3    Str: 11    XL:     4   Next: 42%
Magic:  4/4        EV: 12    Int: 15    God:
Gold:   88         SH:  0    Dex: 12    Spells: 3/3 levels left

rFire    . . .     SeeInvis .   a - +3 falchion
rCold    . . .     Faith    .   (no shield)
rNeg     . . .     Spirit   .   i - +0 leather armour
rPois    .         Reflect  .   (no helmet)
rElec    .         Harm     .   (no cloak)
rCorr    .         Rampage  .   (no gloves)
Will     .....                  (no boots)
Stlth    +.........             (no amulet)
HPRegen  0.11/turn              (no ring)
MPRegen  0.09/turn              (no ring)

@: lethally poisoned (-1 -> -10)
A: no striking features
a: no special abilities


You were on level 3 of the Dungeon.
You visited 1 branch of the dungeon, and saw 3 of its levels.

You collected 88 gold pieces.

Inventory:

Hand Weapons
 a - a +3 falchion (weapon)
Armour
 d - a +0 robe
 i - a +0 leather armour (worn)
Scrolls
 b - 2 scrolls of teleportation {@r4}
 g - a scroll of enchant weapon
Potions
 c - a potion of lignification
 e - a potion of haste {unknown}
 f - a potion of heal wounds {unknown}
 h - a potion of brilliance {unknown}


   Skills:
 + Level 3.0 Fighting
 + Level 2.9 Long Blades
 - Level 2.0 Armour
 + Level 2.9 Dodging
 - Level 1.0 Shields
 - Level 1.0 Evocations


You had 3 spell levels left.
You didn't know any spells.
Your spell library was empty.

Dungeon Overview and Level Annotations

Branches:
Dungeon (3/15)

Altars:


Message History

The adder is heavily wounded.
The adder bites you.
You are poisoned.
The adder poisons you! The white imp gestures at you.
The puff of frost hits you!
You are too injured to fight recklessly!
You are too injured to fight recklessly!
You are too injured to fight recklessly!
You are too injured to fight recklessly!
You are too injured to fight recklessly!
You are too injured to fight recklessly!
You are too injured to fight recklessly!
You are too injured to fight recklessly!
You are too injured to fight recklessly!
You are too injured to fight recklessly!
You are too injured to fight recklessly!
You are too injured to fight recklessly!
You are too injured to fight recklessly!
You are too injured to fight recklessly!
You are too injured to fight recklessly!
You barely miss the adder.
The adder is heavily wounded.
You feel sick. The adder bites you.
You are more poisoned.
The adder poisons you! The white imp closely misses you.
You riposte.
You hit the white imp but do no damage. The adder bites you.
* * * LOW HITPOINT WARNING * * *
You are lethally poisoned!
The adder poisons you!
You hit the adder.
The adder is almost dead.
* * * LOW HITPOINT WARNING * * *
You feel very sick. The white imp misses you. The adder bites you.
* * * LOW HITPOINT WARNING * * *
The white imp hits you.
* * * LOW HITPOINT WARNING * * *
The white imp freezes you.
You die...

### ########
...##......#
#.#..####..#
#...##!$##
####.@S..$#
##....#5?.(#
##..#####![##
#..## +## #
#..# .##
#..## ###
#.## #
#...###.#
#..# #
#.#.....# #..
# #.####..#
#.# #


You could see an adder and a white imp.

Vanquished Creatures
  3 adders
  A worm (D:1)
  An orc (D:3)
  3 endoplasms
  3 goblins (D:2)
  5 hobgoblins
  4 jackals
  3 kobolds (D:1)
  6 ball pythons
  A bat (D:2)
  6 rats
36 creatures vanquished.

Notes
Turn   | Place    | Note
-------+----------+-------------------------------------------
     0 | D:1      | freelancePsychic the Human Wanderer began the quest for the
                  | Orb.
     0 | D:1      | freelancePsychic set off with the following items: a +2
                  | falchion, a scroll of teleportation {@r4}, a potion of
                  | lignification, a +0 robe
     0 | D:1      | Reached XP level 1. HP: 16/16 MP: 1/1
   302 | D:1      | Found a faded altar of an unknown god.
   387 | D:1      | Reached XP level 2. HP: 18/22 MP: 2/2
  1212 | D:2      | Reached XP level 3. HP: 9/28 MP: 3/3
  1908 | D:2      | Reached XP level 4. HP: 34/34 MP: 4/4
  2300 | D:3      | Reached skill level 3 in Fighting
  2448 | D:3      | Slain by a white imp

Illustrated notes

Levels and vault maps discovered:
D:1:      nagdon_arrival_zigzag_paths, layout_loops_ring,
          ebering_ecumenical_altar_ruins
D:2:      layout_rooms
D:3:      layout_loops_ring, minmay_joined_circles

Skill      XL: |  1  2  3  4 |
---------------+-------------+-----
Fighting       | 3 |  3.0
Long Blades    | |  2.9
Armour         | |  2.0
Dodging        | |  2.9
Shields        | |  1.0
Evocations     | |  1.0

Action                   |  1- 3 |  4- 6 || total
-------------------------+-------+-------++-------
Melee: Falchion          |    66 |    29 ||    95
  Use: Scroll            |     5 |     1 ||     6
 Stab: Sleeping          |     1 |       ||     1
Armor: Robe              |     9 |     3 ||    12
Dodge: Dodged            |    38 |    23 ||    61
       Rpst.: Falchion   |    14 |     8 ||    22

Table legend: (Time is in decaauts)
 A = Elapsed time spent in this place.
 B = Non-inter-level travel time spent in this place.
 C = Inter-level travel time spent in this place.
 D = Time resting spent in this place.
 E = Time spent auto-exploring this place.
 F = Levels seen in this place.
 G = Mean time per level.
                   A        B        C        D        E       F      G
               +--------+--------+--------+--------+--------+-----+--------+
         Total |   2469 |   2390 |     79 |    443 |   1667 |   3 |  823.0 |
       Dungeon |   2469 |   2390 |     79 |    443 |   1667 |   3 |  823.0 |
               +--------+--------+--------+--------+--------+-----+--------+

Top non-repeatable levels by time:
     D:1: 1679 daAuts
     D:2: 550 daAuts
     D:3: 238 daAuts
